 Dungeon Crawl Stone Soup version 0.28.0-49-g6dfe1f597d (webtiles) character file.

Game seed: 14051415118378882346

3798 pkoi the Martial Artist (level 9, -7/72 HPs)
             Began as a Demigod Gladiator on May 13, 2022.
             Mangled by a manticore (15 damage)
             ... on level 8 of the Dungeon.
             The game lasted 00:17:48 (13476 turns).

pkoi the Martial Artist (Demigod Gladiator)        Turns: 13476, Time: 00:17:48

Health: -7/72      AC: 19    Str: 15    XL:     9   Next: 64%
Magic:  11/11      EV:  6    Int: 22    God:
Gold:   365        SH:  0    Dex: 21    Spells: 7/8 levels left

rFire   . . .      SeeInvis .     - Unarmed
rCold   . . .      Faith    .   (no shield)
rNeg    . . .      Spirit   .   G - +0 plate armour
rPois   +          Reflect  .   x - +2 helmet
rElec   .          Harm     .   (no cloak)
rCorr   .          Rampage  .   I - +0 pair of gloves
Will    .....                   f - +1 pair of boots
Stlth   ..........              (no amulet)
HPRegen 0.22/turn               t - +6 ring of dexterity
MPRegen 0.12/turn               E - ring of poison resistance

@: no status effects
A: high MP 1, forlorn, divine attributes
a: no special abilities


You were on level 8 of the Dungeon.
You visited 1 branch of the dungeon, and saw 8 of its levels.
You also visited: Ossuary.

You collected 365 gold pieces.

Inventory:

Hand Weapons
 b - a +0 vorpal hunting sling
 d - a +1 dagger of draining
 v - a +0 whip of freezing
Missiles
 c - a throwing net (quivered)
 j - 69 sling bullets
 k - 153 stones
 u - 2 curare-tipped darts
Armour
 f - a +1 pair of boots (worn)
 l - a +0 ring mail
 s - +0 steam dragon scales
 x - a +2 helmet (worn)
 F - a +0 chain mail
 G - a +0 plate armour (worn)
 I - a +0 pair of gloves (worn)
Jewellery
 a - a ring of protection from fire
 n - a ring of fire
 q - a ring of see invisible
 t - a +6 ring of dexterity (left hand)
 B - a ring of protection from cold
 E - a ring of poison resistance (right hand)
 J - a ring of flight
Wands
 r - a wand of polymorph (10)
 C - a wand of iceblast (13)
 D - a wand of mindburst (9)
Scrolls
 g - 2 scrolls of amnesia
 p - 4 scrolls of blinking
 y - 2 scrolls of teleportation
 H - a scroll of brand weapon
Potions
 e - 4 potions of brilliance
 h - 2 potions of flight
 i - a potion of magic {unknown}
 m - 2 potions of resistance
 o - 2 potions of might
 w - 5 potions of heal wounds {unknown}
 z - 2 potions of ambrosia
 A - 2 potions of curing


   Skills:
 - Level 4.4 Fighting
 - Level 1.7 Throwing
 + Level 5.9 Armour
 - Level 3.5 Dodging
 * Level 10.1 Unarmed Combat
 - Level 4.0 Evocations


You had 7 spell levels left.
You knew the following spells:

 Your Spells              Type           Power      Damage    Failure   Level
a - Apportation           Tloc           0%         N/A       100%        1

Your spell library contained the following spells:

 Spells                   Type           Power      Damage    Failure   Level
 Static Discharge         Conj/Air       0%         N/A       100%        2
 Conjure Flame            Conj/Fire      0%         6-21      100%        3
 Ignite Poison            Fire/Tmut/Pois 0%         N/A       100%        3
 Sticky Flame             Conj/Fire      0%         2d3       100%        4
 Alistair's Intoxication  Tmut/Pois      0%         N/A       100%        5
 Lightning Bolt           Conj/Air       0%         1d11      100%        5
 Maxwell's Capacitive Co  Air            0%         ∞         100%        8


Dungeon Overview and Level Annotations

Branches:
Dungeon (8/15)             Temple (0/1) D:5         Ossuary (visited)
   Lair: D:8-11

Shops:
D:7 (


Innate Abilities, Weirdness & Mutations

You have an increased reservoir of magic. (+10% MP)
You shall have no god before yourself.
Your divine heritage dramatically boosts your attributes as you level up.


Message History

The manticore bites you but does no damage.
The manticore claws you!
* * * LOW HITPOINT WARNING * * *
The manticore claws you but does no damage.
Aiming: Mindburst
Press: ? - help, Shift-Dir - straight line, f/p - manticore
Aim: a manticore (moderately wounded, chance to affect: 64%)
The manticore struggles to resist.
The manticore bites you but does no damage.
The manticore claws you but does no damage. x2
Unknown command.
Aiming: Mindburst
Press: ? - help, Shift-Dir - straight line, f/p - manticore
Aim: a manticore (moderately wounded, chance to affect: 64%)
The manticore struggles to resist.
The manticore bites you.
* * * LOW HITPOINT WARNING * * *
The manticore claws you but does no damage. x2
Unknown command.
Aiming: Mindburst
Press: ? - help, Shift-Dir - straight line, f/p - manticore
Aim: a manticore (moderately wounded, chance to affect: 64%)
The manticore's mind is blasted!
The manticore bites you but does no damage.
The manticore claws you.
* * * LOW HITPOINT WARNING * * *
The manticore claws you but does no damage.
Aiming: Mindburst
Press: ? - help, Shift-Dir - straight line, f/p - manticore
Aim: a manticore (heavily wounded, chance to affect: 64%)
The manticore struggles to resist.
The manticore bites you!
* * * LOW HITPOINT WARNING * * *
The manticore claws you.
* * * LOW HITPOINT WARNING * * *
The manticore claws you!
* * * LOW HITPOINT WARNING * * *
Aiming: Mindburst
Press: ? - help, Shift-Dir - straight line, f/p - manticore
Aim: a manticore (heavily wounded, chance to affect: 64%)
The manticore's mind is blasted!!
The manticore bites you!
You die...

####....# .#...####
.#..## ....# #.#.#
### #.#.# ##.##
#.#.###.#.###########
#.#.##.#...##...#H..#
#.#.#.##.####.##@#
.........#..##.##.#
....#.####.#.##.##.#
######.###.##..## ..#
##.#.###### ## ##.##
###


You could see a manticore.

Vanquished Creatures
  Pikel (D:3)
  A deep elf pyromancer (D:8)
  A troll (D:7)
  A steam dragon (D:6)
  A water moccasin (D:7)
  2 black bears (D:6)
  An ogre (D:6)
  2 necrophages
  A phantom (D:7)
  2 bullfrogs
  11 scorpions (Ossuary)
  A water moccasin skeleton (D:5)
  4 wights
  A jelly (D:8)
  3 hounds
  2 human zombies (Ossuary)
  A centaur skeleton (D:7)
  2 orc priests
  A bullfrog skeleton (D:6)
  Natasha (twice) (D:2)
  3 iguanas
  4 scorpion zombies (Ossuary)
  4 orc wizards
  A hound zombie (D:5)
  2 hound skeletons
  3 mummies (Ossuary)
  Robin (D:4)
  A howler monkey zombie (D:7)
  9 adders
  A howler monkey skeleton (D:6)
  2 shadow imps
  A dart slug (D:1)
  26 orcs
  6 endoplasms
  3 giant cockroaches
  4 gnoll zombies (Ossuary)
  20 goblins
  7 hobgoblins
  3 jackals (D:1)
  11 kobolds
  3 quokkas
  8 ball pythons
  3 bats
  2 frilled lizards
  4 goblin zombies (Ossuary)
  3 hobgoblin zombies (Ossuary)
  3 kobold zombies (Ossuary)
  2 orc zombies (Ossuary)
  3 rats (D:1)
184 creatures vanquished.

Vanquished Creatures (others)
  12 bushes (D:8)
12 creatures vanquished.

Grand Total: 196 creatures vanquished

Notes
Turn   | Place    | Note
-------+----------+-------------------------------------------
     0 | D:1      | pkoi the Demigod Gladiator began the quest for the Orb.
     0 | D:1      | Reached XP level 1. HP: 17/17 MP: 3/3
   183 | D:1      | Reached skill level 3 in Unarmed Combat
   630 | D:1      | Reached XP level 2. HP: 23/24 MP: 4/4
  1854 | D:2      | Reached skill level 4 in Unarmed Combat
  1854 | D:2      | Reached XP level 3. HP: 26/29 MP: 5/5
  1938 | D:2      | Noticed Natasha
  1953 | D:2      | Killed Natasha
  2569 | D:1      | Reached XP level 4. HP: 20/36 MP: 6/6
  2900 | D:1      | Learned a level 1 spell: Apportation
  3151 | D:2      | Noticed Natasha
  3160 | D:2      | Killed Natasha
  3660 | D:3      | Reached skill level 5 in Unarmed Combat
  4086 | D:3      | Reached skill level 1 in Armour
  4645 | D:3      | Reached XP level 5. HP: 39/41 MP: 7/7
  4866 | D:4      | Noticed Pikel
  4905 | D:3      | Killed Pikel
  4906 | D:3      | Reached skill level 6 in Unarmed Combat
  4906 | D:3      | Reached XP level 6. HP: 17/51 MP: 8/8
  4906 | D:3      | Reached XP level 7. HP: 19/57 MP: 9/9
  5388 | D:4      | Noticed Robin
  5696 | D:4      | Killed Robin
  6680 | D:4      | Found Batasch's Assorted Antiques.
  6950 | D:5      | Entered Level 5 of the Dungeon
  7038 | D:5      | Found a staircase to the Ecumenical Temple.
  7112 | D:5      | Found a sand-covered staircase.
  7116 | Ossuary  | Entered an ossuary
  7154 | Ossuary  | Reached skill level 1 in Evocations
  7352 | Ossuary  | Reached skill level 7 in Unarmed Combat
  8005 | Ossuary  | Reached XP level 8. HP: 66/66 MP: 10/10
  8712 | Ossuary  | Reached skill level 8 in Unarmed Combat
 10113 | D:6      | HP: 3/66 [steam dragon (2)]
 10116 | D:6      | Reached skill level 5 in Armour
 10116 | D:6      | Reached XP level 9. HP: 7/72 MP: 11/11
 10593 | D:6      | Reached skill level 9 in Unarmed Combat
 12184 | D:7      | Found Vairiavy's Weapon Shoppe.
 13091 | D:8      | Noticed a deep elf pyromancer
 13167 | D:8      | Killed a deep elf pyromancer
 13168 | D:8      | Reached skill level 10 in Unarmed Combat
 13457 | D:8      | Noticed a manticore
 13476 | D:8      | Mangled by a manticore

Illustrated notes

Levels and vault maps discovered:
D:1:      dpeg_arrival_pond, layout_basic
D:2:      layout_rooms, minmay_misc_feat_chi, uniq_natasha
D:3:      layout_loops_ring, minitemple, amethyst_overflow_temple_binary,
          hellmonk_ecumenical_altar_prayer_group, serial_co_window_serial,
          co_window_of_opportunity_a, co_window_paths_a, co_window_corner_a,
          co_window_of_opportunity_a, co_window_corner_a,
          co_window_of_opportunity_a, co_window_corner_a,
          co_window_unsneaky_path_d, co_window_paths_c, co_window_broadway_c,
          co_window_unsneaky_path_e, co_window_broadway_b, glass_columns_a
D:4:      layout_rooms, nicolae_tso_carved_into_rock, serial_shops,
          nicolae_shop_hallway_plus, uniq_robin, uniq_pikel
D:5:      layout_rooms, minmay_temple_entry_ruins, enter_ossuary_3,
          moated_statue
D:6:      layout_basic, kennysheep_generic_room_8
D:7:      layout_rooms, ashenzari_conservatory_becter, kennysheep_mini_moat,
          serial_shops, nicolae_shop_temple_entry_statues_fountains,
          chequers_serial_rivers_small_a, hangedman_abyss_or_decor_passed
D:8:      layout_loops_ring, marbit_many_paths, grunt_gozag_statues,
          lair_entry_dummy, minmay_hedge_maze, hangedman_incinerator,
          uniq_maggie

Skill      XL: |  1  2  3  4  5  6  7  8  9 |
---------------+----------------------------+-----
Unarmed Combat | 3 4 5 6 7 8 10 | 10.1
Fighting       | 2 3 4 |  4.4
Armour         | 1 2 3 5 |  5.9
Evocations     | 1 3 4 |  4.0
Dodging        | 3 |  3.5
Throwing       | |  1.7

Action                   |  1- 3 |  4- 6 |  7- 9 || total
-------------------------+-------+-------+-------++-------
Melee: Unarmed           |   126 |   104 |   583 ||   813
       Punch             |     1 |     6 |    40 ||    47
 Fire: Hunting sling     |    16 |    34 |    30 ||    80
Throw: Dart              |       |     4 |       ||     4
       Throwing net      |       |     3 |       ||     3
Evoke: Wand              |       |       |    10 ||    10
  Use: Scroll            |       |     6 |    15 ||    21
       Potion            |       |       |     2 ||     2
 Stab: Sleeping          |       |       |     1 ||     1
Armor: Leather armour    |    37 |       |       ||    37
       Ring mail         |    10 |    41 |   166 ||   217
       Steam dragon scal |       |       |    52 ||    52
       Plate armour      |       |       |    43 ||    43
Dodge: Dodged            |    80 |    61 |   274 ||   415
